 Dungeon Crawl Stone Soup version 0.25.1-2-g60ff931df9 (webtiles) character file.

Game seed: 10348463678095218380

470 Martska the Skirmisher (level 6, -3/49 HPs)
             Began as a Demonspawn Fighter on Aug 16, 2020.
             Was a Follower of Okawaru.
             Slain by struggle's ghost (5 damage)
             ... on level 4 of the Dungeon.
             The game lasted 00:11:20 (5556 turns).

Martska the Skirmisher (Demonspawn Fighter)         Turns: 5556, Time: 00:11:21

Health: -3/49      AC:  8    Str: 17    XL:     6   Next: 82%
Magic:  6/6        EV: 13    Int: 10    God:    Okawaru [*.....]
Gold:   231        SH:  9    Dex: 13    Spells: 5/5 levels left

rFire    . . .     SeeInvis .   m - +1 short sword (protect)
rCold    . . .     Gourm    .   b - +0 kite shield
rNeg     + . .     Faith    .   (no armour)
rPois    .         Spirit   .   (helmet restricted)
rElec    .         Reflect  .   n - +0 cloak
rCorr    .         Harm     .   (no gloves)
MR       .....                  (no boots)
Stlth    ++........             w - amulet of magic regeneration
HPRegen  0.16/turn              j - ring of positive energy
MPRegen  0.35/turn              (no ring)

@: protection aura
A: antennae 1, repulsion field 1
a: Heroism, Renounce Religion


You were on level 4 of the Dungeon.
You worshipped Okawaru.
Okawaru was aware of your devotion.
You were not hungry.

You visited 2 branches of the dungeon, and saw 6 of its levels.

You collected 231 gold pieces.

Inventory:

Hand Weapons
 e - a +0 spear
 l - a +0 mace
 m - a +1 short sword of protection (weapon)
Armour
 a - a +0 scale mail
 b - a +0 kite shield (worn)
 i - a +0 kite shield
 n - a +0 cloak (worn)
 u - a +2 tower shield
Jewellery
 j - a ring of positive energy (left hand)
 w - an amulet of magic regeneration (around neck)
Wands
 c - a wand of random effects (20)
 t - a wand of clouds (4)
Scrolls
 h - 2 scrolls of noise
 p - 4 scrolls of remove curse
 q - 2 scrolls of fog
 r - 2 scrolls of enchant armour
 x - a scroll of amnesia {unknown}
 y - a scroll of blinking {unknown}
 D - a scroll of magic mapping {unknown}
Potions
 g - a potion of magic
 o - a potion of curing {unknown}
 s - 2 potions of stabbing {unknown}
 v - a potion of cancellation {unknown}
 z - a potion of invisibility {unknown}
 A - a potion of heal wounds {unknown}
 B - a potion of haste {unknown}
 C - a potion of flight {unknown}
Comestibles
 d - 7 rations


   Skills:
 * Level 4.4 Fighting
 * Level 1.8 Short Blades
 + Level 3.3 Armour
 * Level 2.9 Dodging
 * Level 2.2 Stealth
 + Level 3.3 Shields
 - Level 2.7 Unarmed Combat


You had 5 spell levels left.
You didn't know any spells.
Your spell library was empty.

Dungeon Overview and Level Annotations

Branches:
Dungeon (5/15)             Temple (1/1) D:4

Altars:
Gozag
Okawaru
Xom

Annotations:
D:4 struggle's ghost, novice GrFi
D:5 Blork the orc; Sigmund


Innate Abilities, Weirdness & Mutations

You have a pair of small antennae on your head.
You are surrounded by a mild repulsion field. (EV +2)


Message History

Struggle's ghost is moderately damaged.
You block struggle's ghost's attack.
You barely miss struggle's ghost.
Struggle's ghost is moderately damaged.
Struggle's ghost hits you.
The orc shouts!
You hit struggle's ghost but do no damage.
Struggle's ghost is moderately damaged.
Struggle's ghost hits you!
You hit struggle's ghost.
Struggle's ghost is moderately damaged.
You block struggle's ghost's attack.
You hit struggle's ghost but do no damage.
Struggle's ghost is moderately damaged.
Struggle's ghost hits you!
* * * LOW HITPOINT WARNING * * *
You closely miss struggle's ghost.
Struggle's ghost is moderately damaged.
Struggle's ghost hits you.
You die...

'......'.#[########.##........[..
#......#............##...........
#......#.#.#########.o...........
#......#.#.#.......#.###########.
#......#.#.#.#..............)....
#......#.#.#.#.###.#..##########.
########.#.#...#...#.........###>
#.#.#######.#...####...(#.
#.#......@Wo....# #....#.
########.#########)##..####....#.
#.....##.# #(##..........#.
#.....##.# #..#.####.....##
'.....'..# #......##.....##
#.....#### #..#............
#.....# ##########..#...###.....#
#.....###...........#...<..#....#
#.....##.......####.######.######


You could see struggle's ghost and an orc.

Vanquished Creatures
  A bullfrog (D:4)
  An orc wizard (D:4)
  An orc priest (D:4)
  2 gnoll shamans
  Terence (D:3)
  Jessica (D:3)
  2 hound skeletons (D:4)
  8 gnolls (D:4)
  7 adders
  An ooze (D:1)
  3 worms (D:2)
  A dart slug (D:2)
  2 leopard geckos
  3 orcs (D:4)
  A ball python (D:3)
  3 bats
  4 giant cockroaches
  4 goblins
  9 hobgoblins
  2 jackals (D:2)
  2 frilled lizards
  4 kobolds
  11 rats
  A butterfly (D:4)
75 creatures vanquished.

Notes
Turn   | Place    | Note
-------+----------+-------------------------------------------
     0 | D:1      | Martska the Demonspawn Fighter began the quest for the Orb.
     0 | D:1      | Reached XP level 1. HP: 18/18 MP: 1/1
   519 | D:1      | Gained mutation: You are surrounded by a mild repulsion
                  | field. (EV +2) [demonic ancestry]
   519 | D:1      | Reached XP level 2. HP: 23/24 MP: 2/2
  1127 | D:2      | Reached skill level 1 in Dodging
  1270 | D:2      | Reached XP level 3. HP: 15/29 MP: 3/3
  2315 | D:3      | Noticed Jessica
  2322 | D:3      | Killed Jessica
  2322 | D:3      | Gained mutation: You have a pair of small antennae on your
                  | head. [demonic ancestry]
  2322 | D:3      | Reached XP level 4. HP: 29/36 MP: 4/4
  2415 | D:3      | Noticed Terence
  2443 | D:3      | Killed Terence
  2623 | D:3      | Reached XP level 5. HP: 30/42 MP: 5/5
  3620 | D:4      | Reached skill level 1 in Stealth
  3703 | D:4      | Reached skill level 4 in Fighting
  3706 | D:4      | Found a staircase to the Ecumenical Temple.
  3725 | Temple   | Entered the Ecumenical Temple
  3732 | Temple   | Became a worshipper of Warmaster Okawaru
  3771 | D:4      | Found a runed translucent door.
  3775 | D:4      | Noticed struggle's ghost (novice GrFi)
  3909 | D:4      | Reached skill level 1 in Short Blades
  4220 | D:4      | Reached XP level 6. HP: 15/48 MP: 6/6
  4576 | D:5      | Entered Level 5 of the Dungeon
  4804 | D:5      | Noticed Blork the orc
  4843 | D:5      | Noticed Sigmund
  5248 | D:4      | Reached * piety under Okawaru
  5555 | D:4      | HP: 2/49 [struggle's ghost (16)]
  5556 | D:4      | Slain by struggle's ghost

Illustrated notes

Levels and vault maps discovered:
D:1:      shiori_arrival_maze, layout_loops_cross, hex_tiny
D:2:      layout_loops_ring, minivault_27
D:3:      layout_basic, minmay_misc_feat_square, uniq_jessica, uniq_terence
D:4:      layout_basic, minmay_temple_entry_butterflies, ebering_ghost_sewer_d
D:5:      layout_basic, first_ration, uniq_pikel, uniq_blork_the_orc,
          uniq_sigmund
Temple:   regret_index_temple_sigil_plot

Skill      XL: |  1  2  3  4  5  6 |
---------------+-------------------+-----
Unarmed Combat | 2 |  2.7
Dodging        | 1 2 |  2.9
Armour         | 3 |  3.3
Shields        | 3 |  3.3
Stealth        | 1 2 |  2.2
Fighting       | 4 |  4.4
Short Blades   | 1 |  1.8

Action                   |  1- 3 |  4- 6 || total
-------------------------+-------+-------++-------
Melee: Spear             |    67 |       ||    67
       Unarmed           |     3 |       ||     3
       Short sword       |    97 |   247 ||   344
Evoke: Wand              |       |    10 ||    10
  Use: Potion            |     1 |       ||     1
       Scroll            |       |    10 ||    10
 Stab: Sleeping          |       |     2 ||     2
       Distracted        |       |     1 ||     1
  Eat: Chunk             |     5 |     3 ||     8
       Ration            |       |     2 ||     2
Armor: Scale mail        |    41 |     8 ||    49
       Skin              |       |    38 ||    38
Dodge: Dodged            |    42 |    87 ||   129
Block: Kite shield       |    63 |   127 ||   190
